 Dungeon Crawl Stone Soup version 0.21-a0-267-ga5fc350 (webtiles) character file.

394 JackS81 the Changer (level 6, -2/51 HPs)
             Began as a Naga Transmuter on Sept 13, 2017.
             Was a Follower of Ashenzari.
             Slain by Menkaure (12 damage)
             ... on level 5 of the Dungeon.
             The game lasted 00:19:17 (3919 turns).

JackS81 the Changer (Naga Transmuter)               Turns: 3919, Time: 00:19:18

Health: -2/51      AC:  2    Str: 19    XL:     6   Next: 81%
Magic:  4/9        EV: 19    Int: 15    God:    Ashenzari [*.....]
Gold:   214        SH:  0    Dex: 17    Spells: 3/9 levels left

rFire    . . .     SeeInvis +     - Unarmed
rCold    . . .     Gourm    .   (shield currently unavailable)
rNeg     . . .     Faith    .   (armour currently unavailable)
rPois    x         Spirit   .   (helmet currently unavailable)
rElec    .         Reflect  .   (cloak currently unavailable)
rCorr    +         Harm     +   (gloves currently unavailable)
MR       ++...                  (no barding)
Stlth    ++........             g - amulet of harm (curse)
HPRegen  0.17/turn              m - ring of protection from magic (curse)
MPRegen  0.11/turn              v - ring of resist corrosion (curse)

@: mighty, spider-form (expiring)
A: see invisible, magic resistance 1, slow metabolism 1, spit poison 1, strong
1, AC +2
a: Spit Poison, End Transformation, Curse Item, Scrying, Renounce Religion


You were on level 5 of the Dungeon.
You worshipped Ashenzari.
Ashenzari was aware of your devotion.
You were not hungry.
You were a venomous arachnid creature.
You visited 1 branch of the dungeon, and saw 5 of its levels.

You collected 214 gold pieces.

Inventory:

Hand Weapons
 w - a +1 blowgun
Missiles
 a - 83 arrows
 j - 147 stones
 p - 10 tomahawks (quivered)
Armour
 b - a +0 robe (melded)
 e - a +1 hat (melded)
Jewellery
 g - a cursed amulet of harm (around neck)
 m - a cursed ring of protection from magic (left front leg)
 v - a cursed ring of resist corrosion (right front leg)
 y - an uncursed ring of see invisible
 z - an uncursed amulet of rage
Wands
 i - a wand of flame (26/48)
 s - a wand of lightning (14/15)
Scrolls
 h - 3 scrolls of teleportation
 k - 4 scrolls of enchant weapon
 l - 2 scrolls of identify
 n - a scroll of magic mapping
 o - a scroll of remove curse
 q - a scroll of random uselessness {unknown}
Potions
 t - a potion of mutation
Books
 c - a book of Changes

   Spells                             Type                      Level
   a - Beastly Appendage              Transmutation                1
   b - Sticks to Snakes               Transmutation                2
   c - Spider Form                    Transmutation/Poison         3
   d - Ice Form                       Ice/Transmutation            4
   e - Blade Hands                    Transmutation                5
Comestibles
 d - 4 bread rations
 f - a meat ration
 r - 15 chunks of flesh


   Skills:
 - Level 1.0 Fighting
 - Level 1.5 Dodging
 + Level 3.6 Unarmed Combat
 - Level 2.0 Spellcasting
 * Level 6.7 Transmutations


You had 3 spell levels left.
You knew the following spells:

 Your Spells              Type           Power        Failure   Level  Hunger
a - Beastly Appendage     Tmut           ###...       6%          1    #......
b - Spider Form           Tmut/Pois      ##........   36%         3    ###....
c - Sticks to Snakes      Tmut           ###.....     8%          2    ###....


Dungeon Overview and Level Annotations

Branches:
Dungeon (5/15)             Temple (0/1) D:4

Altars:
Ashenzari
Okawaru
Sif Muna

Annotations:
D:5 Menkaure


Innate Abilities, Weirdness & Mutations

You cannot wear boots.
((Your serpentine skin is tough. (AC +2)))
You have supernaturally acute eyesight. (SInv)
((Armour fits poorly on your strangely shaped body.))
((Your system is resistant to poisons. (rPois)))
((You cover ground very slowly.))
You have a slow metabolism.
You can spit poison.
((You are partially covered in slimy green scales. (AC +2)))
You are resistant to hostile enchantments. (MR+)
Your muscles are strong. (Str +2)
((Your movements are slightly less encumbered by armour. (ER -2)))


Message History

Things that are here:
an uncursed short sword; an orc corpse You start resting.
Casting: Spider Form
Confirm with . or Enter, or press ? or * to list all spells.
You turn into a venomous arachnid creature.
Your +1 hat melds into your body.
Your +0 robe melds into your body.
Menkaure calls on the powers of darkness!
Your body is wracked with pain!
* * * LOW HITPOINT WARNING * * *
You feel better.
You feel very mighty all of a sudden.
You see here an uncursed falchion of holy wrath.
Menkaure casts a spell.
Menkaure seems to speed up.
Menkaure calls on the powers of darkness!
Your body is wracked with pain!
* * * LOW HITPOINT WARNING * * *
Menkaure hits you!
You die...

.# #. .. #####
##.# .... ... #
....###.###.###
###....M$......
.......s.<..#
####..#.###....
#....# # #.##)#
#.##)# #..#)#
###### ##.#.#
#...<# #.#.#
#.#### #...#
#.#


You could see Menkaure.

Vanquished Creatures
  A scorpion (D:4)
  A hound (D:4)
  Crazy Yiuf (D:4)
  An iguana (D:5)
  4 worker ants
  2 worker ant zombies (D:5)
  3 adders
  A shadow imp (D:5)
  An ooze (D:4)
  3 worms
  3 dart slugs
  2 leopard geckos
  11 orcs
  2 giant cockroaches (D:1)
  4 goblins
  12 hobgoblins
  6 jackals
  2 quokkas (D:4)
  A ball python (D:1)
  7 bats
  5 frilled lizards
  5 kobolds
  A leopard gecko skeleton (D:4)
  A quokka skeleton (D:5)
  8 rats (D:1)
88 creatures vanquished.

Notes
Turn   | Place    | Note
-------+----------+-------------------------------------------
     0 | D:1      | JackS81 the Naga Transmuter began the quest for the Orb.
     0 | D:1      | Reached XP level 1. HP: 18/18 MP: 3/3
   228 | D:1      | Reached XP level 2. HP: 22/25 MP: 5/5
   366 | D:1      | Reached skill level 3 in Transmutations
   626 | D:1      | Reached XP level 3. HP: 23/31 MP: 6/6
   966 | D:2      | Learned a level 3 spell: Spider Form
  1365 | D:2      | Reached skill level 4 in Transmutations
  1629 | D:3      | Gained mutation: You are partially covered in slimy green scales. (AC +2) [potion of mutation]
  1629 | D:3      | Gained mutation: Your muscles are strong. (Str +2) [potion of mutation]
  1629 | D:3      | Gained mutation: You are resistant to hostile enchantments. (MR+) [potion of mutation]
  1629 | D:3      | Gained mutation: Your movements are slightly less encumbered by armour. (ER -2) [potion of mutation]
  1637 | D:3      | Reached XP level 4. HP: 38/38 MP: 7/7
  1728 | D:3      | Found a shattered altar of Ashenzari.
  1744 | D:3      | Became a worshipper of Ashenzari the Shackled
  1898 | D:3      | Learned a level 2 spell: Sticks to Snakes
  1925 | D:3      | Found a deep blue altar of Sif Muna.
  1925 | D:3      | Found an iron altar of Okawaru.
  2286 | D:4      | Reached skill level 5 in Transmutations
  2286 | D:4      | Reached XP level 5. HP: 22/44 MP: 8/8
  3009 | D:4      | Found a runed door.
  3017 | D:4      | Noticed Crazy Yiuf
  3022 | D:4      | Killed Crazy Yiuf
  3234 | D:4      | Reached skill level 6 in Transmutations
  3234 | D:4      | Reached XP level 6. HP: 26/51 MP: 9/9
  3469 | D:4      | Found a staircase to the Ecumenical Temple.
  3573 | D:5      | Entered Level 5 of the Dungeon
  3772 | D:5      | Reached * piety under Ashenzari
  3837 | D:5      | Noticed Menkaure
  3919 | D:5      | Slain by Menkaure

Vault maps used:
D:1:      dpeg_arrival_shelter
D:3:      evilmike_ruin_ashenzari, gammafunk_temple_overflow_statue
D:4:      minmay_temple_entry_metal_lava, first_bread, uniq_crazy_yiuf_cottage
D:5:      roderic_roman_lattice, uniq_menkaure

Skill      XL: |  1  2  3  4  5 |
---------------+----------------+-----
Transmutations | 3 4 5 6 |  6.7
Fighting       | |  1.0
Dodging        | |  1.5
Unarmed Combat | |  3.6
Spellcasting   | |  2.0

Action                   |  1- 3 |  4- 6 || total
-------------------------+-------+-------++-------
Melee: Unarmed           |   153 |   197 ||   350
       Headbutt          |    24 |    26 ||    50
Throw: Stone             |     7 |       ||     7
 Cast: Beastly Appendage |    26 |    15 ||    41
       Spider Form       |       |     9 ||     9
Invok: Curse Item        |       |     3 ||     3
  Use: Potion            |     3 |    10 ||    13
       Scroll            |       |     8 ||     8
 Stab: Sleeping          |       |     1 ||     1
  Eat: Chunk             |     2 |     6 ||     8
       Bread ration      |       |     1 ||     1
Armor: Robe              |    64 |    36 ||   100
       Skin              |     3 |     4 ||     7
Dodge: Dodged            |   100 |    91 ||   191

Table legend:
 A = Spawn XP
 B = Non-spawn XP
 C = Spawn XP percentage of total XP
 D = Spawn monster count
 E = Non-spawn monster count
 F = Spawn count percentage of total count
 G = Total turns spent on level
                    A         B        C        D         E        F      G
               +---------+---------+-------+---------+---------+-------+---------
         Total |       0 |     563 |   0.0 |       0 |      88 |   0.0 |  3919
               +---------+---------+-------+---------+---------+-------+---------
           D:1 |       0 |      43 |   0.0 |       0 |      29 |   0.0 |   855
           D:2 |       0 |      33 |   0.0 |       0 |      13 |   0.0 |   773
           D:3 |       0 |      43 |   0.0 |       0 |      13 |   0.0 |   486
           D:4 |       0 |     260 |   0.0 |       0 |      16 |   0.0 |  1459
           D:5 |       0 |     184 |   0.0 |       0 |      17 |   0.0 |   346
               +---------+---------+-------+---------+---------+-------+---------
